 Dungeon Crawl Stone Soup version 0.21.1-1-g345015fe64 (webtiles) character file.

105 Mrkan the Cudgeler (level 4, -1/39 HPs)
             Began as a Minotaur Fighter on May 10, 2018.
             Slain by a hornet (12 damage)
             ... on level 7 of the Dungeon.
             The game lasted 00:04:53 (1950 turns).

Mrkan the Cudgeler (Minotaur Fighter)               Turns: 1950, Time: 00:04:54

Health: -1/39      AC:  6    Str: 21    XL:     4   Next: 53%
Magic:  3/3        EV:  7    Int:  5    God:
Gold:   122        SH:  9    Dex: 10    Spells: 3/3 levels left

rFire    . . .     SeeInvis .   a - +0 flail
rCold    . . .     Gourm    .   c - +0 shield
rNeg     . . .     Faith    .   b - +0 scale mail
rPois    .         Spirit   .   (helmet restricted)
rElec    .         Reflect  .   (no cloak)
rCorr    .         Harm     .   (no gloves)
MR       .....                  (no boots)
Stlth    ..........             (no amulet)
HPRegen  0.13/turn              (no ring)
MPRegen  0.08/turn              (no ring)

@: lethally poisoned (-1 -> -4), slowed, very slow
A: retaliatory headbutt, horns 2
a: no special abilities


You were on level 7 of the Dungeon.
You were not hungry.

You visited 1 branch of the dungeon, and saw 5 of its levels.

You collected 122 gold pieces.

Inventory:

Hand Weapons
 a - a +0 flail (weapon)
Armour
 b - a +0 scale mail (worn)
 c - a +0 shield (worn)
Jewellery
 n - a +5 ring of strength {unknown}
 p - an uncursed ring of protection from magic {unknown}
Scrolls
 e - 2 scrolls of enchant weapon {unknown}
 i - 8 scrolls of identify {unknown}
 j - a scroll of magic mapping {unknown}
 m - 4 scrolls of remove curse {unknown}
 q - a scroll of immolation {unknown}
Potions
 d - a potion of might
 h - a potion of heal wounds {unknown}
 k - a potion of resistance {unknown}
 l - a potion of lignification {unknown}
 o - a potion of agility {unknown}
Comestibles
 f - 6 rations
 g - 7 chunks of flesh


   Skills:
 - Level 3.6 Fighting
 * Level 5.9 Maces & Flails
 - Level 3.6 Armour
 - Level 3.6 Shields


You had 3 spell levels left.
You didn't know any spells.

Dungeon Overview and Level Annotations

Branches:
Dungeon (7/15)
 Temple: D:4-7

Altars:

Annotations:
D:6 Edmund


Innate Abilities, Weirdness & Mutations

You reflexively headbutt those who attack you in melee.
You have a pair of horns on your head.


Message History

The hornet barely misses you.
You hit the hornet but do no damage.
You feel sick. The hornet stings you.
You feel as though you will be slow longer.
You block the hornet's attack. The hornet stings you!
You feel as though you will be slow longer.
You closely miss the hornet. You headbutt the hornet.
The hornet is moderately wounded.
You feel sick. You block the hornet's attack. x2
The hornet closely misses you. You furiously retaliate!
You headbutt the hornet. You closely miss the hornet.
The hornet is moderately wounded.
The hornet barely misses you. You furiously retaliate!
You headbutt the hornet! You block the hornet's attack.
You thump the hornet!
The hornet is almost dead.
You feel sick.
The hornet stings you but does no damage. x2
The hornet stings you!
You die...

###.#
##.#.#
##....###
#.......
#....#
####.#<#
#.....)#
#.)....#
#.@....#
##y#####
#.# #..
#.. ....
....
.....


You could see a hornet.

Vanquished Creatures
  4 adders (D:2)
  3 worms (D:2)
  A dart slug (D:2)
  A leopard gecko (D:1)
  12 bats
  5 giant cockroaches
  5 goblins (D:1)
  5 hobgoblins (D:1)
  4 jackals (D:1)
  5 kobolds (D:1)
  A ball python (D:1)
  4 frilled lizards
  5 rats
55 creatures vanquished.

Notes
Turn   | Place    | Note
-------+----------+-------------------------------------------
     0 | D:1      | Mrkan the Minotaur Fighter began the quest for the Orb.
     0 | D:1      | Reached XP level 1. HP: 19/19 MP: 0/0
    57 | D:1      | Reached skill level 3 in Maces & Flails
    94 | D:1      | Reached XP level 2. HP: 25/26 MP: 1/1
   419 | D:1      | Reached skill level 4 in Maces & Flails
   435 | D:1      | Reached XP level 3. HP: 28/31 MP: 2/2
  1137 | D:2      | Reached skill level 5 in Maces & Flails
  1160 | D:2      | Reached XP level 4. HP: 26/39 MP: 3/3
  1931 | D:3      | You fall through a shaft for 3 floors!
  1931 | D:6      | Noticed Edmund
  1942 | D:7      | Noticed a hornet
  1950 | D:7      | Slain by a hornet

Skill      XL: |  1  2  3 |
---------------+----------+-----
Maces & Flails | 3 4 5 |  5.9
Fighting       | |  3.6
Armour         | |  3.6
Shields        | |  3.6

Action                   |  1- 3 |  4- 6 || total
-------------------------+-------+-------++-------
Melee: Flail             |    93 |    32 ||   125
       Headbutt          |    14 |     6 ||    20
  Eat: Chunk             |     1 |       ||     1
       Ration            |       |     1 ||     1
Armor: Scale mail        |    43 |    13 ||    56
Dodge: Dodged            |    33 |    12 ||    45
Block: Shield            |    44 |    16 ||    60
